 Dungeon Crawl Stone Soup version 0.26-a0-658-gbdda728c12 (webtiles) character file.

Game seed: 16312438470949040024

8616 DogServant the Artisan of Death (level 11, -1/78 HPs)
             Began as a Demonspawn Hunter on Oct 5, 2020.
             Was a Priest of Kikubaaqudgha.
             Slain by a troll (4 damage)
             ... on level 11 of the Dungeon.
             The game lasted 00:29:15 (11060 turns).

DogServant the Artisan of Death (DsHu)             Turns: 11060, Time: 00:29:16

Health: -1/78      AC:  8    Str: 12    XL:     11   Next: 12%
Magic:  0/12       EV: 13    Int: 14    God:    Kikubaaqudgha [***...]
Gold:   681        SH: 11    Dex: 16    Spells: 5/12 levels left

rFire    + . .     SeeInvis .   a - +2 hand crossbow
rCold    . . .     Faith    .   p - +0 buckler
rNeg     . . .     Spirit   .   F - +1 leather armour {rF+}
rPois    .         Reflect  .   G - +2 hat
rElec    .         Harm     .   (no cloak)
rCorr    .         Rampage  .   (no gloves)
MR       +....                  x - +1 pair of boots
Stlth    +++.......             (no amulet)
HPRegen  0.23/turn              b - ring of wizardry
MPRegen  0.13/turn              j - ring of protection from magic (curse)

@: no status effects
A: antennae 2, large bone plates 2, demonic guardian 2, powered by death 1
a: Receive Corpses, Renounce Religion


You were on level 11 of the Dungeon.
You worshipped Kikubaaqudgha.
Kikubaaqudgha was most pleased with you.
You visited 2 branches of the dungeon, and saw 12 of its levels.

You collected 681 gold pieces.

Inventory:

Hand Weapons
 a - a +2 hand crossbow (weapon)
 s - a +2 short sword of venom
 J - a +0 whip of electrocution
 M - the cursed +1 dagger "Fuihosh" {elec, MR+}
   (You took it off an orc on level 11 of the Dungeon)

   Occasionally, upon striking a foe, it will discharge some electrical energy
   and cause terrible harm.
   It affects your resistance to hostile enchantments.
   It has a curse placed upon it.
Missiles
 d - 46 bolts (quivered)
 H - 4 silver javelins
Armour
 p - a +0 buckler (worn)
 x - a +1 pair of boots (worn)
 F - a +1 leather armour of fire resistance (worn)
 G - a +2 hat (worn)
Jewellery
 b - a ring of wizardry (left hand)
 c - an uncursed ring of positive energy
 h - a +4 ring of protection
 j - a cursed ring of protection from magic (right hand)
 t - an uncursed ring of protection from cold
 w - a +4 ring of protection
Wands
 o - a wand of acid (7)
 y - a wand of random effects (41)
 B - a wand of polymorph (7)
 C - a wand of digging (5)
 E - a wand of flame (18)
Scrolls
 e - 6 scrolls of remove curse
 k - 4 scrolls of teleportation
 l - 2 scrolls of enchant armour
 n - 4 scrolls of blinking
 r - 2 scrolls of identify
 v - 2 scrolls of amnesia
 D - 2 scrolls of fog
 I - 2 scrolls of fear {unknown}
Potions
 f - 3 potions of lignification
 g - 2 potions of berserk rage {unknown}
 i - 3 potions of mutation
 m - 3 potions of stabbing
 q - 3 potions of haste
 u - a potion of invisibility
 z - a potion of flight
 A - 2 potions of cancellation
 L - a potion of magic {unknown}


   Skills:
 + Level 4.7 Fighting
 - Level 3.3 Short Blades
 - Level 5.8 Maces & Flails
 - Level 7.1 Crossbows
 - Level 5.2 Armour
 - Level 3.2 Dodging
 - Level 5.4 Stealth
 - Level 4.8 Shields
 + Level 1.0 Spellcasting
 + Level 9.2 Necromancy


You had 5 spell levels left.
You knew the following spells:

 Your Spells              Type           Power        Failure   Level
a - Animate Skeleton      Necr           ####..       1%          1
b - Pain                  Necr           ####         1%          1
c - Vampiric Draining     Necr           ####......   1%          3
d - Sublimation of Blood  Necr           ####......   1%          2

Your spell library contained the following spells:

 Spells                   Type           Power        Failure   Level
 Dispel Undead            Necr           ####....     3%          4
 Agony                    Necr           ####....     9%          5
 Magic Dart               Conj           #...         13%         1
 Blink                    Tloc           N/A          21%         2
 Call Imp                 Summ           #.......     21%         2
 Slow                     Hex            #.......     21%         2
 Conjure Flame            Conj/Fire      #.......     36%         3
 Mephitic Cloud           Conj/Pois/Air  #.......     36%         3
 Borgnjor's Vile Clutch   Necr/Erth      ##........   45%         5
 Death Channel            Necr           ####......   41%         6
 Simulacrum               Ice/Necr       ##........   95%         6


Dungeon Overview and Level Annotations

Branches:
Dungeon (11/15)            Temple (1/1) D:7             Orc (0/2) D:9
   Lair: D:8-11

Altars:
Cheibriados
Elyvilon
Fedhas
Gozag
Hepliaklqana
Kikubaaqudgha
Nemelex Xobeh
Okawaru
Ru
Sif Muna
Yredelemnul
The Shining One
Beogh

Shops:
D:8 *   D:9 :

Annotations:
D:6 2 transporters, fasse2k's ghost, novice GnIE


Innate Abilities, Weirdness & Mutations

You have a pair of antennae on your head.
You are mostly covered in large bone plates. (SH +6)
A demonic guardian rushes to your aid.
You regenerate a little health from kills.


Message History

You block the troll's attack. The troll claws you.
* * * LOW HITPOINT WARNING * * *
You feel better. You block the troll's attack. The troll misses you.
The troll claws you.
* * * LOW HITPOINT WARNING * * *
You feel better. The troll closely misses you. The troll claws you!
* * * LOW HITPOINT WARNING * * *
The troll claws you.
* * * LOW HITPOINT WARNING * * *
Casting: Pain (safe; 1% risk of failure)
Confirm with . or Enter, or press ? or * to list all spells.
There is nothing nearby to animate!
Casting: Animate Skeleton (safe; 1% risk of failure)
Confirm with . or Enter, or press ? or * to list all spells.
Aiming: Pain (safe; 1% risk of failure)
Press: ? - help, Shift-Dir - straight line, f/p - troll
Aim: a troll (severely wounded, chance to defeat MR: 84%)
The troll writhes in agony.
The troll bites you.
You die...
Kikubaaqudgha rasps: "You have failed me!
Welcome... death!"

#.#.####.#
#........#
#........#
####........#
.#####...........#
..(.....#........#
......#..<.......#
#((.#T......##
##.##@#.###.# #.
#.#.# #.# #.
#.#.###.#
#.##....##.#
#.....#...[# ##
.#...#### #..##.##
#.. #.# #..##.###


You could see a troll.

Vanquished Creatures
  3 two-headed ogres
  Pikel (D:7)
  Grinder (D:5)
  5 yaks
  A wyvern (D:11)
  2 basilisks (D:11)
  2 water moccasins (D:11)
  2 sky beasts
  2 black bears (D:11)
  4 orc warriors
  3 necrophages
  4 ogres
  A wolf (D:11)
  5 centaurs (D:11)
  2 big kobolds
  A lemure (D:7)
  A bullfrog (D:11)
  Blork the orc (D:6)
  A wyvern zombie (D:8)
  A gnoll sergeant (D:11)
  3 scorpions
  2 killer bees (D:10)
  8 wights
  A bullfrog zombie (D:9)
  2 jellies
  4 hounds
  7 orc priests
  A bullfrog skeleton (D:11)
  A centaur skeleton (D:6)
  2 iguanas
  10 orc wizards
  6 worker ants
  A killer bee zombie (D:7)
  2 hound zombies
  A mummy (D:10)
  A howler monkey zombie (D:7)
  A howler monkey skeleton (D:6)
  A worker ant zombie (D:8)
  8 gnolls
  9 adders
  3 shadow imps
  2 white imps (D:5)
  An ufetubus (D:10)
  3 adder skeletons
  A dart slug (D:3)
  A leopard gecko (D:5)
  31 orcs
  4 giant cockroaches
  2 hobgoblins (D:1)
  8 jackals
  2 quokkas
  3 bats
  A frilled lizard (D:3)
  A giant cockroach zombie (D:6)
  12 goblins
  14 kobolds
  A leopard gecko zombie (D:8)
  A quokka zombie (D:8)
  9 rats
214 creatures vanquished.

Vanquished Creatures (collateral kills)
  A two-headed ogre (D:11)
  A kobold demonologist (D:11)
  A troll (D:10)
  A spriggan (D:8)
  An ice beast (D:8)
  2 ogres
  A phantom (D:9)
  A centaur (D:8)
  3 lemures (D:7)
  A bullfrog (D:8)
  A killer bee (D:10)
  A hound (D:7)
  An orc priest (D:5)
  A bullfrog skeleton (D:8)
  A killer bee zombie (D:10)
  2 gnolls (D:4)
  A leopard gecko (D:7)
  4 orcs
  A kobold (D:11)
26 creatures vanquished.

Vanquished Creatures (others)
  A centaur (D:11)
  3 bushes (D:11)
  6 fungi (D:11)
  16 plants (D:11)
  A withered plant (D:10)
27 creatures vanquished.

Grand Total: 267 creatures vanquished

Notes
Turn   | Place    | Note
-------+----------+-------------------------------------------
     0 | D:1      | DogServant the Demonspawn Hunter began the quest for the
                  | Orb.
     0 | D:1      | Reached XP level 1. HP: 16/16 MP: 1/1
   207 | D:1      | Gained mutation: You regenerate a little health from kills.
                  | [demonic ancestry]
   207 | D:1      | Reached XP level 2. HP: 22/22 MP: 2/2
   319 | D:1      | Reached skill level 1 in Stealth
  1296 | D:2      | Found a blossoming altar of Fedhas.
  1297 | D:2      | You fall into a shaft and drop 2 floors!
  1310 | D:4      | Noticed a scorpion
  1323 | D:4      | Killed a scorpion
  1323 | D:4      | Gained mutation: A weak demonic guardian rushes to your
                  | aid. [demonic ancestry]
  1323 | D:4      | Reached XP level 3. HP: 27/27 MP: 3/3
  1323 | D:4      | Gained mutation: You are partially covered in large bone
                  | plates. (SH +4) [demonic ancestry]
  1323 | D:4      | Reached XP level 4. HP: 33/33 MP: 4/4
  1764 | D:4      | Reached skill level 5 in Crossbows
  1764 | D:4      | Reached XP level 5. HP: 38/38 MP: 5/5
  2186 | D:3      | Found a faded altar of an unknown god.
  2367 | D:3      | Found a shimmering blue altar of Sif Muna.
  2861 | D:5      | Entered Level 5 of the Dungeon
  2969 | D:5      | Noticed Grinder
  2971 | D:5      | Paralysed by Grinder for 7 turns
  2992 | D:5      | Killed Grinder
  2992 | D:5      | Gained mutation: You have a pair of small antennae on your
                  | head. [demonic ancestry]
  2992 | D:5      | Reached XP level 6. HP: 46/46 MP: 6/6
  3530 | D:5      | Noticed a sky beast
  3561 | D:6      | Noticed an orc warrior
  3561 | D:6      | Noticed fasse2k's ghost (novice GnIE)
  3567 | D:6      | Reached XP level 7. HP: 52/52 MP: 7/7
  3572 | D:6      | Found a transporter.
  3708 | D:6      | Found a transporter.
  4194 | D:6      | Noticed Blork the orc
  4197 | D:6      | Killed Blork the orc
  4197 | D:6      | Reached skill level 1 in Short Blades
  4197 | D:6      | Reached skill level 1 in Shields
  4427 | D:6      | Reached skill level 5 in Stealth
  4438 | D:6      | Gained mutation: You are mostly covered in large bone
                  | plates. (SH +6) [demonic ancestry]
  4438 | D:6      | Reached XP level 8. HP: 51/60 MP: 8/8
  5386 | D:7      | Found a staircase to the Ecumenical Temple.
  5399 | Temple   | Entered the Ecumenical Temple
  5411 | Temple   | Became a worshipper of Kikubaaqudgha
  5764 | D:7      | Noticed Pikel
  5787 | D:7      | Killed Pikel
  5787 | D:7      | Reached skill level 1 in Armour
  5938 | D:7      | Found a glowing golden altar of the Shining One.
  6087 | D:8      | Gained mutation: You have a pair of antennae on your head.
                  | [demonic ancestry]
  6087 | D:8      | Reached XP level 9. HP: 58/63 MP: 9/9
  6374 | D:8      | Found Caxzaarch's Demolitions Depot.
  6434 | D:8      | Found a sparkling altar of Nemelex Xobeh.
  6434 | D:8      | Found a sacrificial altar of Ru.
  6484 | D:8      | Reached skill level 1 in Necromancy
  6493 | D:8      | Reached skill level 1 in Maces & Flails
  6516 | D:8      | Reached * piety under Kikubaaqudgha
  6516 | D:8      | Identified Kikubaaqudgha's Papyrus of Darkness
                  | (Kikubaaqudgha gifted it to you on level 8 of the Dungeon)
  6516 | D:8      | Received a gift from Kikubaaqudgha
  6520 | D:8      | Learned a level 1 spell: Animate Skeleton
  6522 | D:8      | Learned a level 1 spell: Pain
  6526 | D:8      | Learned a level 3 spell: Vampiric Draining
  6529 | D:8      | Learned a level 2 spell: Sublimation of Blood
  6757 | D:8      | Reached skill level 2 in Necromancy
  6789 | D:8      | Noticed a two-headed ogre
  6808 | D:8      | Killed a two-headed ogre
  6808 | D:8      | Reached skill level 3 in Necromancy
  6880 | D:8      | Noticed a two-headed ogre
  7020 | D:9      | Found Cull's Book Shoppe.
  7183 | D:9      | Reached skill level 4 in Necromancy
  7202 | D:9      | Found a staircase to the Orcish Mines.
  7345 | D:9      | Noticed a two-headed ogre
  7358 | D:9      | Killed a two-headed ogre
  7358 | D:9      | Reached skill level 5 in Necromancy
  7476 | D:9      | Found a roughly hewn altar of Beogh.
  7526 | D:9      | Reached XP level 10. HP: 63/70 MP: 10/10
  7555 | D:10     | Entered Level 10 of the Dungeon
  7960 | D:10     | Reached ** piety under Kikubaaqudgha
  7970 | D:10     | Reached skill level 6 in Necromancy
  8852 | D:10     | Reached skill level 7 in Necromancy
  9075 | D:10     | Found an iron altar of Okawaru.
  9350 | D:10     | Reached skill level 5 in Maces & Flails
  9445 | D:10     | Found a shimmering blue altar of Sif Muna.
 10182 | D:11     | Reached skill level 8 in Necromancy
 10234 | D:11     | Noticed a two-headed ogre
 10256 | D:11     | Killed a two-headed ogre
 10256 | D:11     | Reached skill level 5 in Armour
 10590 | D:11     | Identified the +2 robe of Resonance {Int+4}
 10607 | D:11     | Gained mutation: A demonic guardian rushes to your aid.
                  | [demonic ancestry]
 10607 | D:11     | Reached XP level 11. HP: 48/78 MP: 7/11
 10621 | D:11     | Reached skill level 9 in Necromancy
 10776 | D:11     | Reached *** piety under Kikubaaqudgha
 10776 | D:11     | Identified Kikubaaqudgha's Collected Works on Evil Magic
                  | (Kikubaaqudgha gifted it to you on level 11 of the Dungeon)
 10776 | D:11     | Received a gift from Kikubaaqudgha
 10984 | D:11     | Identified the cursed +1 dagger "Fuihosh" {elec, MR+}
 10984 | D:11     | Noticed a two-headed ogre
 10992 | D:11     | Killed a two-headed ogre
 10992 | D:11     | Reached skill level 1 in Spellcasting
 11060 | D:11     | Slain by a troll

Illustrated notes

Levels and vault maps discovered:
D:1:      onia_arrival_pentagram, layout_basic, minmay_rat_gold_closets
D:2:      layout_rooms, fedhas_ov_isle_minmay, nicolae_overflow_crystal_walls,
          old_standard_altar, minmay_distorted
D:3:      layout_loops_ring, lemuel_doored_altar,
          chequers_ecumenical_altar_island, kennysheep_generic_room_9
D:4:      layout_cave_pools, kennysheep_small_spiral, st_stairs_14
D:5:      layout_basic, gup_sewer_entry_bubbles, uniq_grinder
D:6:      layout_gridville, gammafunk_ghost_arena, uniq_blork_the_orc
D:7:      layout_rooms, tso_oasis_becter, minmay_temple_entry_gardened_gates,
          uniq_pikel
D:8:      layout_basic, chequers_temple_overflow_statue_of_worship,
          nicolae_blasting_shop, the_bakery
D:9:      layout_big_octagon, minmay_orc_entry_temple_small, serial_shops,
          nicolae_shop_trees
D:10:     kennysheep_orc_sif_temple, layout_cave_pools, serial_undead,
          serial_undead_a, serial_undead_c, serial_undead_d, serial_undead_d,
          basic_altar
D:11:     layout_loops_ring, minmay_lair_entry_grove, serial_shops, shop,
          enter_bailey_7
Temple:   eino_wide_crystal_templ

Skill      XL: |  1  2  3  4  5  6  7  8  9 10 11 |
---------------+----------------------------------+-----
Crossbows      | 4 5 6 7 |  7.1
Stealth        | 2 3 4 5 |  5.4
Dodging        | 2 3 |  3.2
Fighting       | 3 4 |  4.7
Short Blades   | 1 3 |  3.3
Shields        | 1 3 4 |  4.8
Armour         | 2 3 5 |  5.2
Necromancy     | 5 8 9 |  9.2
Maces & Flails | 3 5 |  5.8
Spellcasting   | 1 |  1.0

Action                   |  1- 3 |  4- 6 |  7- 9 | 10-12 || total
-------------------------+-------+-------+-------+-------++-------
Melee: Short sword       |    55 |    50 |   118 |       ||   223
       Whip              |       |       |   121 |   360 ||   481
 Fire: Hand crossbow     |     5 |    69 |   150 |    30 ||   254
Throw: Javelin           |       |       |     8 |    11 ||    19
 Cast: Animate Skeleton  |       |       |       |    19 ||    19
       Vampiric Draining |       |       |       |    15 ||    15
       Pain              |       |       |       |     2 ||     2
Evoke: Wand              |     1 |     1 |       |       ||     2
  Use: Scroll            |       |    10 |     9 |     4 ||    23
       Potion            |       |       |       |     4 ||     4
 Stab: Sleeping          |     2 |     7 |     6 |     5 ||    20
       Distracted        |       |       |     2 |     1 ||     3
Armor: Leather armour    |    11 |    11 |    64 |    53 ||   139
Dodge: Dodged            |    32 |    37 |   119 |   196 ||   384
Block: Other             |       |    10 |    26 |       ||    36
       Buckler           |       |       |    63 |   245 ||   308

Table legend: (Time is in decaauts)
 A = Elapsed time spent in this place.
 B = Non-inter-level travel time spent in this place.
 C = Inter-level travel time spent in this place.
 D = Time resting spent in this place.
 E = Time spent auto-exploring this place.
 F = Levels seen in this place.
 G = Mean time per level.
                   A        B        C        D        E       F      G
               +--------+--------+--------+--------+--------+-----+--------+
         Total |  11107 |  10838 |    269 |   2680 |   5781 |  12 |  925.6 |
       Dungeon |  11085 |  10825 |    260 |   2680 |   5776 |  11 | 1007.7 |
        Temple |     21 |     12 |      9 |      0 |      5 |   1 |   21.0 |
               +--------+--------+--------+--------+--------+-----+--------+

Top non-repeatable levels by time:
    D:11: 1485 daAuts
     D:5: 1424 daAuts
     D:1: 1300 daAuts
    D:10: 1295 daAuts
     D:9: 1228 daAuts
     D:6: 1006 daAuts
     D:8: 955 daAuts
     D:4: 831 daAuts
     D:7: 803 daAuts
     D:3: 752 daAuts
  Temple: 21 daAuts
     D:2: 2 daAuts
